 Dungeon Crawl Stone Soup version 0.19-a0-1827-g174f941 (webtiles) character file.

173 LostNumber the Slasher (level 5, -7/37 HPs)
             Began as a High Elf Berserker on Oct 7, 2016.
             Was a Believer of Trog.
             Killed by divine providence
             ... invoked by an orc priest
              (9 damage)
             ... on level 3 of the Dungeon.
             The game lasted 00:05:39 (2494 turns).

LostNumber the Slasher (High Elf Berserker)         Turns: 2494, Time: 00:05:40

Health: -7/37      AC:  9    Str: 17    XL:     5   Next: 28%
Magic:  6/6        EV: 12    Int: 11    God:    Trog [**....]
Gold:   156        SH:  0    Dex: 14    Spells: 0 memorised, 4 levels left

rFire  + . .     SeeInvis .     a - +0 falchion
rCold  . . .     Gourm    .     j - +4 ring mail {rF+}
rNeg   . . .     Faith    .     (no shield)
rPois  +         Spirit   .     (no helmet)
rElec  .         Dismiss  .     (no cloak)
rCorr  .         Reflect  .     (no gloves)
MR     .....     Harm     .     (no boots)
Stlth  +.........               (no amulet)
                                (no ring)
                                f - ring of poison resistance

@: exhausted, slowed, very slow
A: no striking features
a: Berserk, Trog's Hand, Burn Spellbooks, Renounce Religion


You were on level 3 of the Dungeon.
You worshipped Trog.
Trog was pleased with you.
You were near starving.

You visited 1 branch of the dungeon, and saw 3 of its levels.

You collected 156 gold pieces.

Inventory:

Hand Weapons
 a - a +0 falchion (weapon)
Armour
 j - a +4 ring mail of fire resistance (worn)
Jewellery
 f - a ring of poison resistance (left hand)
Scrolls
 b - a scroll of fog {unknown}
 d - 3 scrolls of remove curse
 g - a scroll of blinking {unknown}
 h - 3 scrolls of identify {unknown}
Potions
 e - 4 potions of curing {unknown}
 i - 2 potions of ambrosia {unknown}
 k - a potion of degeneration {unknown}
 m - a potion of heal wounds {unknown}
 n - a potion of mutation {unknown}
Comestibles
 c - 2 bread rations
 o - a meat ration


   Skills:
 + Level 4.0 Fighting
 * Level 5.1 Long Blades
 + Level 2.6 Armour
 + Level 3.3 Dodging


You had 4 spell levels left.
You didn't know any spells.

Dungeon Overview and Level Annotations

Branches:
Dungeon (3/15)

Altars:
Elyvilon
Okawaru


Message History

The worm bites you but does no damage.
The orc priest invokes the aid of Beogh against you.
Beogh smites you!
* * * LOW HITPOINT WARNING * * *
The orc priest barely misses you.
You riposte.
You hit the orc priest but do no damage.
The orc priest is almost dead.
You closely miss the orc priest.
The orc priest is almost dead.
The orc priest completely misses you.
You barely miss the orc priest.
The orc priest is almost dead.
The orc priest hits you with a club.
* * * LOW HITPOINT WARNING * * *
The orc priest hits you but does no damage.
You barely miss the orc priest.
The orc priest is almost dead.
The orc priest calls down the wrath of Beogh upon you.
Beogh smites you!
You die...

#......†......####.###.#####
####.##.##...#####.###.###
#.#...##..# #.........#
#.#.#.........#.#####.##
#.#. .##..#####># #...##
.######..#####.###.###.##
##!............# ##.#
#..#...♣!..#.#.# #.#
#....@♣.♣....#.## ##.#
#.....♣o♣.♣......###.##
+....♣†♣w♣.♣...........
#...♣.♣._.♣.♣....##.###
##...♣o♣.♣.♣........#
#....♣.♣.♣...##.####
#.....♣.♣....##(# ##
...♣...#.##.# ........##.#


You could see a worm and an orc priest.

Vanquished Creatures
  An orc wizard (D:3)
  7 adders (D:2)
  2 worms (D:2)
  3 dart slugs
  3 leopard geckos
  3 orcs
  2 ball pythons
  10 bats
  11 goblins
  7 hobgoblins
  4 jackals (D:1)
  8 frilled lizards
  3 kobolds
  3 rats
67 creatures vanquished.

Notes
Turn   | Place    | Note
-------+----------+-------------------------------------------
     0 | D:1      | LostNumber the High Elf Berserker began the quest for the Orb.
     0 | D:1      | Reached XP level 1. HP: 16/16 MP: 2/2
   114 | D:1      | Reached skill level 4 in Long Blades
   356 | D:1      | Reached XP level 2. HP: 12/21 MP: 3/3
  1002 | D:1      | Reached XP level 3. HP: 14/26 MP: 4/4
  1148 | D:1      | Reached ** piety under Trog
  1483 | D:2      | Found a white marble altar of Elyvilon.
  1487 | D:2      | Reached XP level 4. HP: 31/31 MP: 5/5
  2190 | D:2      | Reached XP level 5. HP: 35/37 MP: 6/6
  2460 | D:3      | Found an iron altar of Okawaru.
  2470 | D:3      | Reached skill level 5 in Long Blades
  2494 | D:3      | Killed from afar by an orc priest

Vault maps used:
D:1:      doesnt_arrival_eight_statues
D:2:      elyvilon_altar_3, minivault_5, feat_on_display
D:3:      old_standard_altar, kiku_gazebo_garden_becter, first_bread,
          okawaru_trees_2

Skill      XL: |  1  2  3  4  5 |
---------------+----------------+-----
Armour         | 2 |  2.6
Long Blades    | 4 5 |  5.1
Dodging        | 3 |  3.3
Fighting       | 4 |  4.0

Action                   |  1- 3 |  4- 6 || total
-------------------------+-------+-------++-------
Melee: Falchion          |   102 |   115 ||   217
Invok: Berserk           |     5 |     1 ||     6
       Trog's Hand       |       |     1 ||     1
  Use: Scroll            |       |     1 ||     1
 Stab: Sleeping          |     2 |       ||     2
  Eat: Chunk             |     6 |     4 ||    10
Armor: Animal skin       |    14 |       ||    14
       Ring mail         |       |    50 ||    50
Dodge: Dodged            |    60 |    63 ||   123
       Rpst.: Falchion   |    21 |    22 ||    43
